 Dungeon Crawl Stone Soup version 0.31.0-11-ge490571c62 (webtiles) character file.

Game seed: 4185717347735741074

709 Marvel the Cudgeller (level 7, -5/68 HPs)
             Began as a Troll Berserker on Feb 8, 2024.
             Was a Priest of Trog.
             Killed from afar by an orc wizard (12 damage)
             ... with a puff of flame
             ... on level 4 of the Dungeon.
             The game lasted 00:04:03 (3049 turns).

Marvel the Cudgeller (Troll Berserker)              Turns: 3049, Time: 00:04:03

Health: -5/68      AC:  8    Str: 28    XL:     7   Next: 40%
Magic:  6/6        EV: 10    Int:  3    God:    Trog [***...]
Gold:   311        SH:  0    Dex:  9    Spells: 6/6 levels left

rFire   . . .        a - +0 mace
rCold   . . .        (no shield)
rNeg    . . .        b - +0 animal skin
rPois   .            (helmet restricted)
rElec   .            (no cloak)
rCorr   .            (gloves unavailable)
SInv    .            (boots unavailable)
Will    .....        (no amulet)
Stlth   +            d - +4 ring of protection
HPRegen 1.11/turn    f - +4 ring of slaying
MPRegen 0.10/turn

%: no passive effects
@: no status effects
A: large, unfitting armour, claws 3, regeneration 1, shaggy fur 1, tough skin 1
a: Renounce Religion, Berserk, Trog's Hand


You were on level 4 of the Dungeon.
You worshipped Trog.
Trog was most pleased with you.
You visited 1 branch of the dungeon, and saw 5 of its levels.

You collected 311 gold pieces.

Inventory:

Hand Weapons
 a - a +0 mace (weapon)
 c - a +0 dagger of venom
Armour
 b - a +0 animal skin (worn)
Jewellery
 d - a +4 ring of protection (left claw)
 f - a +4 ring of slaying (right claw)
Talismans
 l - a maw talisman
Wands
 u - a wand of iceblast (7)
Scrolls
 g - a scroll of immolation {unknown}
 i - 3 scrolls of identify {unknown}
 j - 2 scrolls of poison {unknown}
 k - 3 scrolls of enchant weapon {unknown}
 p - a scroll of vulnerability {unknown}
 q - a scroll of blinking {unknown}
 s - a scroll of acquirement {unknown}
 v - a scroll of teleportation {unknown}
 x - a scroll of butterflies {unknown}
Potions
 e - a potion of mutation {unknown}
 h - a potion of ambrosia
 m - a potion of haste {unknown}
 n - a potion of attraction
 o - a potion of magic {unknown}
 r - a potion of resistance {unknown}
 t - a potion of might {unknown}
 w - a potion of curing {unknown}
 z - a potion of heal wounds {unknown}


   Skills:
 + Level 3.8 Fighting
 + Level 5.9 Maces & Flails
 + Level 4.1 Dodging
 + Level 1.0 Stealth


You had 6 spell levels left.
You didn't know any spells.
Your spell library was empty.

Dungeon Overview and Level Annotations

Branches:
Dungeon (5/15)
 Temple: D:4-7

Altars:
Dithmenos
Hepliaklqana
Nemelex Xobeh
Okawaru
Sif Muna
Trog
Wu Jian


Innate Abilities, Weirdness & Mutations

You are too large for most types of armour.
You have claws for hands.
Your natural rate of healing is unusually fast.
You are covered in fur. (AC +1)
You have tough skin. (AC +1)


Message History

* * * LOW HITPOINT WARNING * * *
An orc wizard appears from thin air!
Reactivating autopickup.
The orc wizard gestures at you while chanting.
The magic dart hits you.
* * * LOW HITPOINT WARNING * * *
You barely miss the orc wizard.
The orc wizard is severely wounded.
The orc wizard misses you.
You hit the orc wizard but do no damage.
The orc wizard is severely wounded.
The orc wizard closely misses you.
You closely miss the orc wizard.
The orc wizard is severely wounded.
The orc wizard hits you but does no damage.
The orc wizard casts a spell.
The orc wizard flickers and vanishes!
Deactivating autopickup; reactivate with Ctrl-A.
You hit the orc wizard.
You kill the orc wizard!
Trog accepts your kill.
Trog appreciates your killing of a magic user.
The orc wizard gestures at you while chanting.
You thump something! Something hits you but does no damage.
You barely miss something.
The orc wizard points at you and mumbles some strange words.
Something closely misses the orc wizard.
You sock something! Trog accepts your kill.
Trog appreciates your killing of a magic user.
Reactivating autopickup.
You feel a bit more experienced.
The orc wizard gestures at you while chanting.
The puff of flame hits you!
* * * LOW HITPOINT WARNING * * *
You hear some strange, mumbled words.
A puff of flame appears from out of thin air!
Deactivating autopickup; reactivate with Ctrl-A.
The puff of flame hits you!
You die...

..........##........#
###
....########........#
.[..# #........## ####
....# #.........###
#... .^ #...........##
#... #.......###..##
#... #.......#.#...#
###...
####..###.###.##......
##@#..:.?#..#.#####
#)###.###....#
#{o)'.#...#.##
##..###..##.#
##.........#
####...#### #####


You could see an orc wizard.

Vanquished Creatures
  An ice beast (D:5)
  2 scorpions (D:5)
  4 hounds
  An orc priest (D:5)
  A jelly (D:4)
  Ijyb (D:5)
  Jessica (D:2)
  2 iguanas
  5 orc wizards
  4 adders
  A dart slug (D:1)
  9 orcs
  4 endoplasms
  6 giant cockroaches
  6 goblins
  4 hobgoblins
  6 jackals (D:1)
  2 quokkas (D:5)
  6 ball pythons
  6 bats (D:1)
  2 frilled lizards
  8 kobolds
  5 rats
87 creatures vanquished.

Notes
Turn   | Place    | Note
-------+----------+-------------------------------------------
     0 | D:1      | Marvel the Troll Berserker began the quest for the Orb.
     0 | D:1      | Reached XP level 1. HP: 22/22 MP: 0/0
   209 | D:1      | Reached XP level 2. HP: 29/29 MP: 1/1
   465 | D:1      | Reached ** piety under Trog
   477 | D:1      | Reached skill level 3 in Maces & Flails
   485 | D:1      | Reached XP level 3. HP: 36/36 MP: 2/2
  1049 | D:2      | Noticed Jessica
  1071 | D:2      | Killed Jessica
  1072 | D:2      | Lost intelligence.
  1389 | D:2      | Reached XP level 4. HP: 34/44 MP: 3/3
  1649 | D:2      | Found a shimmering blue altar of Sif Muna.
  2183 | D:3      | You fall into a shaft and drop 2 floors!
  2183 | D:5      | Entered Level 5 of the Dungeon
  2219 | D:5      | Found an iron altar of Okawaru.
  2226 | D:5      | Found a hazy altar of Hepliaklqana.
  2229 | D:5      | Found a shadowy altar of Dithmenos.
  2229 | D:5      | Found an ornate altar of the Wu Jian Council.
  2236 | D:5      | Found a sparkling altar of Nemelex Xobeh.
  2253 | D:5      | Reached XP level 5. HP: 43/53 MP: 4/4
  2255 | D:5      | Reached skill level 4 in Maces & Flails
  2328 | D:5      | Noticed Ijyb
  2331 | D:5      | Reached XP level 6. HP: 61/61 MP: 5/5
  2331 | D:5      | Noticed an ice beast
  2336 | D:5      | Killed Ijyb
  2350 | D:5      | Killed an ice beast
  2358 | D:5      | Reached skill level 5 in Maces & Flails
  2502 | D:5      | Found a bloodstained altar of Trog.
  2587 | D:5      | Reached XP level 7. HP: 67/68 MP: 6/6
  2842 | D:4      | Reached *** piety under Trog
  2911 | D:4      | Reached skill level 1 in Stealth
  3049 | D:4      | Killed from afar by an orc wizard

Illustrated notes

Levels and vault maps discovered:
D:1:      nagdon_arrival_double_spiral, layout_loops_ring, minmay_nonomino_d4
D:2:      layout_basic, basic_altar, uniq_jessica
D:3:      layout_basic, nicolae_overflow_ecumenical_swirl, uniq_natasha
D:4:      layout_basic, minmay_a_box_with_orc_wizards_in_it
D:5:      layout_loops_cross, general_overflow_altar,
          nicolae_overflow_hallway_of_the_gods, minmay_manual_moon, uniq_ijyb

Skill      XL: |  1  2  3  4  5  6  7 |
---------------+----------------------+-----
Maces & Flails | 3 4 5 |  5.9
Dodging        | 3 4 |  4.1
Fighting       | 3 |  3.8
Stealth        | 1 |  1.0

Action                     |  1- 3 |  4- 6 |  7- 9 || total
---------------------------+-------+-------+-------++-------
  Melee: Mace              |   113 |   111 |    70 ||   294
         Punch             |       |     1 |     1 ||     2
    Use: Potion            |     2 |       |     1 ||     3
   Stab: Sleeping          |       |     1 |       ||     1
 Armour: Animal skin       |    96 |    81 |   135 ||   312
  Dodge: Dodged            |    78 |    65 |    45 ||   188
